 Dungeon Crawl Stone Soup version 0.30-a0-738-g116ff8c4af (webtiles) character file.

Game seed: 6578806208958352513

195 epen the Charlatan (level 5, -4/41 HPs)
             Began as a Gnoll Artificer on Feb 3, 2023.
             Was a Follower of Uskayaw.
             Killed from afar by a steam dragon (25 damage)
             ... with a ball of steam
             ... on level 7 of the Dungeon.
             The game lasted 00:05:35 (2689 turns).

epen the Charlatan (Gnoll Artificer)                Turns: 2689, Time: 00:05:36

Health: -4/41      AC:  6    Str: 11    XL:     5   Next: 74%
Magic:  19/19      EV: 12    Int: 11    God:    Uskayaw [*.....]
Gold:   110        SH:  0    Dex: 14    Spells: 7/7 levels left

rFire   . . .      SeeInvis .    y - +3 dagger
rCold   . . .      Faith    +    (no shield)
rNeg    . . .      Spirit   .    b - +0 leather armour
rPois   .          Reflect  .    (no helmet)
rElec   .          Harm     .    (no cloak)
rCorr   .          Rampage  .    (no gloves)
Will    .....                    n - +2 pair of boots
Stlth   +                        p
                                   - Hermit's Pendant {Faith Invo=14 Evo=0 MP+5}
HPRegen 0.26/turn                t - ring of wizardry
MPRegen 0.16/turn                (no ring)

@: silenced
A: fangs 1, strong nose, distributed training
a: Renounce Religion


You were on level 7 of the Dungeon.
You worshipped Uskayaw.
Uskayaw was noncommittal.
You visited 1 branch of the dungeon, and saw 5 of its levels.

You collected 110 gold pieces.

Inventory:

Hand Weapons
 a - a +0 club
 y - a +3 dagger (weapon)
Missiles
 s - 3 javelins
Armour
 b - a +0 leather armour (worn)
 f - a +0 buckler
 n - a +2 pair of boots (worn)
Jewellery
 p - the Hermit's Pendant (around neck) {Faith Invo=14 Evo=0 MP+5}
   (You found it on level 2 of the Dungeon)

   [amulet of faith]

   Invo=14: It sets your Invocations skill to 14.
   Evo=0: It sets your Evocations skill to 0.
   It allows you to gain divine favour quickly.
   MP:        It affects your magic capacity (+5).
 t - a ring of wizardry (left hand)
 w - a ring of fire
Wands
 c - a wand of flame (10) (quivered)
 d - a wand of charming (15)
 e - a wand of iceblast (2)
Scrolls
 h - a scroll of noise
 j - 4 scrolls of identify
 k - a scroll of immolation
 o - a scroll of fog {unknown}
 v - a scroll of blinking {unknown}
 x - a scroll of summoning {unknown}
Potions
 g - a potion of heal wounds {unknown}
 i - 2 potions of degeneration {unknown}
 l - 4 potions of resistance
 q - a potion of curing
 r - a potion of mutation {unknown}
 u - a potion of berserk rage {unknown}
 z - a potion of attraction {unknown}


   Skills:
 + Level 3.1 Fighting
 + Level 1.7 Short Blades
 + Level 1.7 Long Blades
 + Level 1.7 Axes
 + Level 1.7 Maces & Flails
 + Level 1.7 Polearms
 + Level 1.7 Staves
 + Level 1.7 Ranged Weapons
 + Level 1.7 Throwing
 + Level 4.9 Armour
 + Level 3.1 Dodging
 + Level 2.9 Stealth
 + Level 1.7 Shields
 + Level 1.7 Unarmed Combat
 + Level 1.7 Spellcasting
 + Level 1.3 Conjurations
 + Level 1.3 Hexes
 + Level 1.3 Summonings
 + Level 1.3 Necromancy
 + Level 1.3 Translocations
 + Level 1.3 Transmutations
 + Level 1.3 Fire Magic
 + Level 1.3 Ice Magic
 + Level 1.3 Air Magic
 + Level 1.3 Earth Magic
 + Level 1.3 Poison Magic
 + Level 1.9(14.0) Invocations
 + Level 6.7(0.0) Evocations


You had 7 spell levels left.
You didn't know any spells.
Your spell library contained the following spells:

 Spells                   Type           Power      Damage    Failure   Level
 Blade Hands              Tmut           1%         N/A       91%         5
 Irradiate                Conj/Tmut      1%         3d12      91%         5
 Dragon Form              Tmut           1%         N/A       100%        7


Dungeon Overview and Level Annotations

Branches:
Dungeon (7/15)
 Temple: D:4-7

Altars:
Fedhas
Hepliaklqana
Nemelex Xobeh
Okawaru
Qazlal
Sif Muna
Uskayaw
Zin
The Shining One

Shops:
D:1 =


Innate Abilities, Weirdness & Mutations

You have very sharp teeth.
Your uncanny sense of smell can sniff out nearby items.
Your experience applies equally to all skills.


Message History

The shadow imp barely misses you.
You hit the shadow imp.
You bite the shadow imp, but do no damage.
The shadow imp is almost dead.
The shadow imp hits you but does no damage.
You hit the shadow imp.
You kill the shadow imp!
You can now pass through a line of other dancers.
No target in view!
HP restored.
A steam dragon comes into view.
Found a scroll labelled JOACSUYSSE.
The steam dragon hisses angrily.
As you read the scroll labelled RUACWU ACOQU EMU, it crumbles to dust.
You hear a loud clanging noise!
It was a scroll of noise.
You hear a shout!
An ice beast comes into view.
As you read the scroll labelled ZAOTOY IKICI, it crumbles to dust.
It is a scroll of identify.
q - 2 potions of curing
As you read the scroll labelled TARROD LEOM, it crumbles to dust.
The creatures around you are filled with an inner flame!
It was a scroll of immolation.
An ufetubus comes into view.
As you read the scroll labelled YMUCRA RYLA, it crumbles to dust.
A profound silence engulfs you.
It was a scroll of silence.
A hound comes into view.
The steam dragon breathes steam at you. The ball of steam hits you!!
Ouch! That really hurt!
You are engulfed in a cloud of scalding steam.
* * * LOW HITPOINT WARNING * * *
You are engulfed in a cloud of scalding steam.
You feel better.
An orc comes into view. It is wielding a +0 mace.
The steam dragon breathes steam at you. The ball of steam hits you!!
Ouch! That really hurt!
You die...

#......# #...>..# #......###
#........# ##### .. #......#.#
#...# ... #....[...## #...#
....
####.###..#####...########....
#. #......#...#........... #.
#.####.@§§DY5.o........ #.
...# #######h.......# #..####
#........# #. #§.h.....# ...
####...### . ########D..# ∆
..D........# ###.###.5..#
#....#


There were no monsters in sight!

Vanquished Creatures
  An orc priest (D:3)
  2 orc wizards (D:3)
  4 adders
  A shadow imp (D:7)
  2 worms
  3 dart slugs (D:1)
  5 orcs (D:3)
  4 endoplasms
  A giant cockroach (D:1)
  3 hobgoblins
  2 jackals (D:3)
  6 kobolds
  A quokka (D:1)
  4 ball pythons
  6 bats
  3 frilled lizards
  10 goblins
  5 rats
63 creatures vanquished.

Notes
Turn   | Place    | Note
-------+----------+-------------------------------------------
     0 | D:1      | epen the Gnoll Artificer began the quest for the Orb.
     0 | D:1      | Reached XP level 1. HP: 17/17 MP: 1/1
   167 | D:1      | Reached XP level 2. HP: 15/23 MP: 2/2
   639 | D:1      | Reached XP level 3. HP: 25/28 MP: 3/3
   706 | D:1      | Found Vosm's Jewellery Boutique.
   898 | D:2      | Found the Hermit's Pendant {Faith Invo=14 Evo=0 MP+5}
   923 | D:2      | Reached skill level 1 in Invocations
  1093 | D:2      | Reached skill level 1 in Short Blades
  1093 | D:2      | Reached skill level 1 in Long Blades
  1093 | D:2      | Reached skill level 1 in Axes
  1093 | D:2      | Reached skill level 1 in Maces & Flails
  1093 | D:2      | Reached skill level 1 in Polearms
  1093 | D:2      | Reached skill level 1 in Staves
  1093 | D:2      | Reached skill level 1 in Ranged Weapons
  1093 | D:2      | Reached skill level 1 in Throwing
  1093 | D:2      | Reached skill level 1 in Shields
  1093 | D:2      | Reached skill level 1 in Unarmed Combat
  1093 | D:2      | Reached skill level 1 in Spellcasting
  1283 | D:2      | Found a faded altar of an unknown god.
  1322 | D:2      | Reached XP level 4. HP: 26/34 MP: 5/5
  1364 | D:2      | Prayed at the altar of an unknown god.
  1364 | D:2      | Became a worshipper of Uskayaw the Reveller
  1364 | D:2      | Reached * piety under Uskayaw
  2095 | D:3      | Reached ** piety under Uskayaw
  2096 | D:3      | Reached skill level 1 in Conjurations
  2096 | D:3      | Reached skill level 1 in Hexes
  2096 | D:3      | Reached skill level 1 in Summonings
  2096 | D:3      | Reached skill level 1 in Necromancy
  2096 | D:3      | Reached skill level 1 in Translocations
  2096 | D:3      | Reached skill level 1 in Transmutations
  2096 | D:3      | Reached skill level 1 in Fire Magic
  2096 | D:3      | Reached skill level 1 in Ice Magic
  2096 | D:3      | Reached skill level 1 in Air Magic
  2096 | D:3      | Reached skill level 1 in Earth Magic
  2096 | D:3      | Reached skill level 1 in Poison Magic
  2109 | D:3      | Reached *** piety under Uskayaw
  2110 | D:3      | Reached XP level 5. HP: 26/41 MP: 12/14
  2121 | D:3      | Reached **** piety under Uskayaw
  2383 | D:3      | Found a hazy altar of Hepliaklqana.
  2384 | D:3      | Found a blossoming altar of Fedhas.
  2394 | D:3      | Found a stormy altar of Qazlal.
  2435 | D:3      | Found a glowing golden altar of the Shining One.
  2439 | D:3      | Found a shimmering blue altar of Sif Muna.
  2441 | D:3      | Found an iron altar of Okawaru.
  2445 | D:3      | Found a sparkling altar of Nemelex Xobeh.
  2588 | D:3      | Found a glowing silver altar of Zin.
  2635 | D:4      | You fall into a shaft and drop 3 floors!
  2674 | D:7      | Noticed a steam dragon
  2677 | D:7      | Noticed an ice beast
  2689 | D:7      | Killed from afar by a steam dragon

Illustrated notes

Levels and vault maps discovered:
D:1:      moated_graveyard_arrival, layout_loops_ring, serial_shops,
          nicolae_shop_window_shopping, nicolae_concentric_dashed_squares_wild,
          minmay_pentomino_t4
D:2:      layout_basic, chequers_ecumenical_altar_island, serial_forest,
          infiniplex_forest_clump_tiny, infiniplex_forest_lined_room_2,
          infiniplex_forest_side_room, infiniplex_forest_lined_corner,
          infiniplex_forest_straight_2
D:3:      layout_rooms, mainiacjoe_overflow_catwalk,
          nicolae_overflow_hallway_of_the_gods
D:4:      black_bear_nest_1, layout_basic
D:7:      layout_basic, temple_fountains

Skill      XL: |  1  2  3  4 |
---------------+-------------+-----
Invocations    | 1 |  1.9
Short Blades   | 1 |  1.7
Long Blades    | 1 |  1.7
Axes           | 1 |  1.7
Maces & Flails | 1 |  1.7
Polearms       | 1 |  1.7
Staves         | 1 |  1.7
Ranged Weapons | 1 |  1.7
Throwing       | 1 |  1.7
Shields        | 1 |  1.7
Unarmed Combat | 1 |  1.7
Spellcasting   | 1 |  1.7
Conjurations   | 1 |  1.3
Hexes          | 1 |  1.3
Summonings     | 1 |  1.3
Necromancy     | 1 |  1.3
Translocations | 1 |  1.3
Transmutations | 1 |  1.3
Fire Magic     | 1 |  1.3
Ice Magic      | 1 |  1.3
Air Magic      | 1 |  1.3
Earth Magic    | 1 |  1.3
Poison Magic   | 1 |  1.3
Fighting       | 3 |  3.1
Dodging        | 3 |  3.1
Armour         | |  4.9
Stealth        | |  2.9
Evocations     | |  6.7

Action                     |  1- 3 |  4- 6 || total
---------------------------+-------+-------++-------
  Melee: Club              |   142 |    80 ||   222
         Bite              |    12 |    19 ||    31
         Punch             |     3 |     5 ||     8
         Dagger            |       |     6 ||     6
 Invoke: Stomp             |       |     5 ||     5
         Line Pass         |       |     1 ||     1
  Evoke: Wand              |     3 |     5 ||     8
    Use: Scroll            |       |     4 ||     4
         Potion            |       |     1 ||     1
   Stab: Sleeping          |     2 |       ||     2
         Paralysed         |       |     2 ||     2
 Armour: Leather armour    |    49 |    40 ||    89
  Dodge: Dodged            |   105 |    57 ||   162

Table legend: (Time is in decaauts)
 A = Elapsed time spent in this place.
 B = Non-inter-level travel time spent in this place.
 C = Inter-level travel time spent in this place.
 D = Time resting spent in this place.
 E = Time spent auto-exploring this place.
 F = Levels seen in this place.
 G = Mean time per level.
                   A        B        C        D        E       F      G
               +--------+--------+--------+--------+--------+-----+--------+
         Total |   2748 |   2653 |     95 |    120 |   1913 |   5 |  549.6 |
       Dungeon |   2748 |   2653 |     95 |    120 |   1913 |   5 |  549.6 |
               +--------+--------+--------+--------+--------+-----+--------+

Top non-repeatable levels by time:
     D:2: 1001 daAuts
     D:1: 889 daAuts
     D:3: 804 daAuts
     D:7: 52 daAuts
